 Dungeon Crawl Stone Soup version 0.19-a0-465-g1d1674b (webtiles) character file.

138 Skanax the Grave Robber (level 5, -1/35 HPs)
             Began as a Demonspawn Necromancer on June 3, 2016.
             Slain by a hobgoblin
             ... wielding a +0 club
              (6 damage)
             ... on level 3 of the Dungeon.
             The game lasted 00:12:28 (2837 turns).

Skanax the Grave Robber (Demonspawn Necromancer)    Turns: 2837, Time: 00:12:29

Health: -1/35      AC:  7    Str:  8    XL:     5   Next: 1%
Magic:  0/9        EV: 19    Int: 18    God:
Gold:   135        SH:  0    Dex: 12    Spells: 3 memorised, 5 levels left

rFire  . . .     SeeInvis .     i - +0 dagger
rCold  . . .     Gourm    .     a - +0 robe
rNeg   . . .     Faith    .     (no shield)
rPois  .         Spirit   +     e - +0 helmet
rElec  .         Dismiss  .     (no cloak)
rCorr  .         Reflect  .     (no gloves)
SustAt .         Harm     .     (no boots)
MR     .....                    o - amulet of magic regeneration
Stlth  ++........               p - +2 ring of slaying
                                m - +6 ring of evasion

@: not resistant to hostile enchantments, unstealthy
A: claws 1, rough black scales 1, magic shield
a: no special abilities


You were on level 3 of the Dungeon.
You were not hungry.

You visited 1 branch of the dungeon, and saw 3 of its levels.

You collected 135 gold pieces.

Inventory:

Hand Weapons
 i - a +0 dagger (weapon)
Missiles
 j - 4 curare-tipped needles
Armour
 a - a +0 robe (worn)
 e - a +0 helmet (worn)
 l - a +0 helmet
Jewellery
 m - a +6 ring of evasion (left claw)
 o - an amulet of magic regeneration (around neck)
 p - a +2 ring of slaying (right claw)
 r - an uncursed ring of resist corrosion
Scrolls
 f - a scroll of magic mapping
 g - a scroll of remove curse
 s - a scroll of identify
Potions
 d - 2 potions of haste
Books
 b - a book of Necromancy

   Spells                             Type                      Level
   a - Pain                           Necromancy                   1
   b - Animate Skeleton               Necromancy                   1
   c - Vampiric Draining              Necromancy                   3
   d - Regeneration                   Charms/Necromancy            3
   e - Animate Dead                   Necromancy                   4
   f - Control Undead                 Necromancy                   4
Comestibles
 c - a chunk of flesh
 h - a bread ration
 k - 4 meat rations
 q - 4 fruits


   Skills:
 + Level 2.8 Dodging
 - Level 1.7 Stealth
 * Level 3.2 Spellcasting
 + Level 5.5 Necromancy


You had 5 spell levels left.
You knew the following spells:

 Your Spells              Type           Power        Failure   Level  Hunger
a - Pain                  Necr           ###.         1%          1    None
b - Animate Skeleton      Necr           N/A          1%          1    None
c - Regeneration          Chrm/Necr      ##........   17%         3    ###....


Dungeon Overview and Level Annotations

Branches:
Dungeon (3/15)

Altars:
Ashenzari

Annotations:
D:2 Robin


Innate Abilities, Weirdness & Mutations

You have sharp fingernails.
You are partially covered in rough black scales. (AC +4, Dex -1)
When hurt, damage is shared between your health and your magic reserves.


Message History

The ogre convulses in agony!
Casting: Pain
Confirm with . or Enter, or press ? or * to list all spells.
Aiming: Pain
Press: ? - help, Shift-Dir - straight line, f/p - ogre
Aim: an ogre, wielding a giant club (moderately wounded, chance to defeat MR: 81%)
The ogre convulses in agony!
The ogre hits you with a giant club!
A hobgoblin comes into view. It is wielding a club.
The hobgoblin shouts!
Casting: Pain
Confirm with . or Enter, or press ? or * to list all spells.
Aiming: Pain
Press: ? - help, Shift-Dir - straight line, f/p - ogre
Aim: an ogre, wielding a giant club (heavily wounded, chance to defeat MR: 81%)
The ogre convulses in agony!
The ogre hits you with a giant club!
* * * LOW HITPOINT WARNING * * *
You feel better. The ogre hits you with a giant club!
* * * LOW HITPOINT WARNING * * *
The hobgoblin hits you with a club.
You die...

.....## .....
....# .... #..#
....#..###### ...
....#g....... ....
...#@.# #....
####..#..# ###
#....
#.....#O.##....
.....
#.....#...........
.....
##.....#..##......
..... ..........#
..... .....
.#....##..# ....
..... #.#... #.[#
.... .##.. #.###
#..# #.# ####.


You could see an ogre and a hobgoblin.

Vanquished Creatures
  5 adders
  2 oozes
  2 giant geckos (D:1)
  An orc (D:3)
  3 ball pythons
  A bat zombie (D:1)
  3 giant cockroaches
  9 goblins
  8 hobgoblins
  10 jackals
  7 kobolds
  4 bats
  3 giant newts
  A quokka zombie (D:1)
  5 rats
64 creatures vanquished.

Vanquished Creatures (collateral kills)
  An adder (D:2)
  An ooze (D:2)
  A goblin (D:1)
  A bat (D:1)
4 creatures vanquished.

Grand Total: 68 creatures vanquished

Notes
Turn   | Place    | Note
--------------------------------------------------------------
     0 | D:1      | Skanax the Demonspawn Necromancer began the quest for the Orb.
     0 | D:1      | Reached XP level 1. HP: 13/13 MP: 3/3
     2 | D:1      | Learned a level 1 spell: Animate Skeleton
   376 | D:1      | Gained mutation: You are partially covered in rough black scales. (AC +4, Dex -1) [demonic ancestry]
   376 | D:1      | Reached XP level 2. HP: 16/19 MP: 0/5
   590 | D:1      | Reached skill level 5 in Necromancy
   859 | D:1      | Gained mutation: When hurt, damage is shared between your health and your magic reserves. [demonic ancestry]
   859 | D:1      | Reached XP level 3. HP: 23/24 MP: 2/6
  1624 | D:2      | Found a shattered altar of Ashenzari.
  1670 | D:2      | Reached XP level 4. HP: 26/30 MP: 2/8
  1677 | D:2      | Learned a level 3 spell: Regeneration
  1841 | D:2      | Noticed Robin
  2629 | D:3      | Gained mutation: You have sharp fingernails. [demonic ancestry]
  2629 | D:3      | Reached XP level 5. HP: 32/35 MP: 4/9
  2826 | D:3      | Noticed an ogre
  2837 | D:3      | Slain by a hobgoblin

Vault maps used:
D:1:      saegor_arrival_fortress, serial_bayou_pond_e, minmay_box_of_dots
D:2:      lemuel_crystal_altar, uniq_robin
D:3:      lemuel_doored_altar, ecumenical_altar_1, minmay_goblin_kobold_house

Skill      XL: |  1  2  3  4 |
---------------+-------------+-----
Necromancy     | 5 |  5.5
Dodging        | 2 |  2.8
Spellcasting   | 3 |  3.2
Stealth        | |  1.7

Action                   |  1- 3 |  4- 6 || total
-------------------------+-------+-------++-------
Melee: Unarmed           |    18 |       ||    18
       Dagger            |    15 |    14 ||    29
 Cast: Pain              |    53 |    59 ||   112
       Animate Skeleton  |    17 |    14 ||    31
  Use: Potion            |     4 |     3 ||     7
       Scroll            |     8 |     5 ||    13
 Stab: Distracted        |     1 |       ||     1
  Eat: Chunk             |     3 |       ||     3
       Bread ration      |       |     1 ||     1
Armor: Robe              |    12 |     7 ||    19
Dodge: Dodged            |    35 |    49 ||    84
